 Dungeon Crawl Stone Soup version 0.30-a0-1103-g25895a7845 (webtiles) character file.

Game seed: 6003000271658756426

70 senseless the Chopper (level 4, 0/42 HPs)
             Began as a Tengu Berserker on Apr 18, 2023.
             Was a Believer of Trog.
             Succumbed to an adder's poison
             ... on level 2 of the Dungeon.
             The game lasted 00:03:37 (824 turns).

senseless the Chopper (Tengu Berserker)              Turns: 824, Time: 00:03:37

Health: 0/42       AC:  2    Str: 19    XL:     4   Next: 22%
Magic:  5/5        EV: 12    Int:  8    God:    Trog [**....]
Gold:   23         SH:  0    Dex: 13    Spells: 3/3 levels left

rFire   . . .      SeeInvis .    a - +1 hand axe
rCold   . . .      Faith    .    (no shield)
rNeg    . . .      Spirit   .    b - +0 animal skin
rPois   .          Reflect  .    (helmet restricted)
rElec   .          Rampage  .    (no cloak)
rCorr   .                        (no gloves)
Will    .....                    (boots unavailable) Stlth
                                 (no amulet)
HPRegen 0.27/turn                (no ring)
MPRegen 0.09/turn                (no ring)

@: berserking (expiring), lethally poisoned (0 -> -1), very quick
A: beak, talons 3
a: Renounce Religion, Berserk, Trog's Hand


You were on level 2 of the Dungeon.
You worshipped Trog.
Trog was pleased with you.
You visited 1 branch of the dungeon, and saw 2 of its levels.

You collected 23 gold pieces.

Inventory:

Hand Weapons
 a - a +1 hand axe (weapon)
Armour
 b - a +0 animal skin (worn)
 f - a +0 chain mail
Scrolls
 c - 2 scrolls of enchant weapon
Potions
 d - a potion of mutation {unknown}
 i - a potion of flight {unknown}
 j - a potion of lignification {unknown}
 k - a potion of degeneration {unknown}


   Skills:
 + Level 3.6 Fighting
 + Level 3.9 Axes
 + Level 3.0 Armour
 + Level 3.0 Dodging


You had 3 spell levels left.
You didn't know any spells.
Your spell library was empty.

Dungeon Overview and Level Annotations

Branches:
Dungeon (2/15)

Altars:

Shops:
D:1 (


Innate Abilities, Weirdness & Mutations

You have a beak for a mouth.
You have claws for feet.


Message History

Your peck misses the adder. You barely miss the goblin. You miss the goblin.
You feel sick. The adder misses you. The goblin hits you with a +0 dagger.
The goblin completely misses you.
You miss the adder. You claw the adder!
You kill the adder!
Trog accepts your kill.
You slash the goblin!
You feel the power of Trog in you as your rage grows.
You kill the goblin!
Trog accepts your kill.
You hit the goblin.
You kill the goblin!
Trog accepts your kill.
Robin zaps a wand.
The puff of flame hits you.
* * * LOW HITPOINT WARNING * * *
You have reached level 4!
You feel clever.
You feel sick.
Things that are here:
a +0 short sword; 2 stones You hit Robin.
Your kick misses Robin.
Robin is lightly wounded.
You slash the endoplasm!
You kill the endoplasm!
Trog accepts your kill.
You feel sick.
Robin zaps a wand.
The puff of flame hits you!
* * * LOW HITPOINT WARNING * * *
Your Armour skill increases to level 3!
Your Dodging skill increases to level 3!
You are too berserk!
You hit Robin. You claw Robin!
You kill Robin!
Trog accepts your kill.
* * * LOW HITPOINT WARNING * * *
You feel sick.
Okay, then.
There is a lethal amount of poison in your body!
You are too berserk!
You feel a strong urge to attack something.
You die...

#. #.. #. .# . #? ###..
..#.#.# .. #. .... #.#.#.#
# #. #. #..# #.#.#.# .# #.
#. #<.# #.#.#.##.##
###..#.####.###.#.#.....
.......)).).....#.#.<#####
#.)..#@.............#
###).)!).....#†..##?#
##.#)).##..#...#
...#.#.....#...#
#####.###.......#
###....(......#
#....###......##
#.........#....#
#.....#..........#


There were no monsters in sight!

Vanquished Creatures
  Robin (D:2)
  3 adders (D:2)
  2 ball pythons (D:1)
  3 bats (D:1)
  An endoplasm (D:2)
  12 goblins
  2 hobgoblins
  2 quokkas
  2 frilled lizards (D:1)
  3 kobolds
  2 rats (D:1)
33 creatures vanquished.

Notes
Turn   | Place    | Note
-------+----------+-------------------------------------------
     0 | D:1      | senseless the Tengu Berserker began the quest for the Orb.
     0 | D:1      | Reached XP level 1. HP: 14/14 MP: 2/2
   189 | D:1      | Found Opeosamiy's Weapon Emporium.
   242 | D:1      | Reached XP level 2. HP: 19/19 MP: 3/3
   744 | D:2      | Reached XP level 3. HP: 14/23 MP: 4/4
   806 | D:2      | Noticed Robin
   814 | D:2      | Reached ** piety under Trog
   820 | D:2      | Reached XP level 4. HP: 10/28 MP: 5/5
   821 | D:2      | HP: 2/42 [Robin/puff of flame (7)]
   822 | D:2      | Killed Robin
   824 | D:2      | Succumbed to an adder's poison

Illustrated notes

Levels and vault maps discovered:
D:1:      ncdulo_wetmaze, layout_loops_ring, serial_shops, shop
D:2:      layout_basic, serial_curves, eino_curves_02, eino_curves_04,
          uniq_terence, uniq_robin

Skill      XL: |  1  2  3  4 |
---------------+-------------+-----
Armour         | 3 |  3.0
Dodging        | 3 |  3.0
Fighting       | |  3.6
Axes           | |  3.9

Action                     |  1- 3 |  4- 6 || total
---------------------------+-------+-------++-------
  Melee: Hand axe          |    49 |     2 ||    51
         Kick              |     6 |     1 ||     7
         Peck              |     2 |       ||     2
 Invoke: Berserk           |     1 |       ||     1
    Use: Scroll            |     4 |       ||     4
         Potion            |     1 |       ||     1
   Stab: Sleeping          |     1 |       ||     1
 Armour: Animal skin       |    17 |       ||    17
  Dodge: Dodged            |    41 |       ||    41

Table legend: (Time is in decaauts)
 A = Elapsed time spent in this place.
 B = Non-inter-level travel time spent in this place.
 C = Inter-level travel time spent in this place.
 D = Time resting spent in this place.
 E = Time spent auto-exploring this place.
 F = Levels seen in this place.
 G = Mean time per level.
                   A        B        C        D        E       F      G
               +--------+--------+--------+--------+--------+-----+--------+
         Total |    833 |    799 |     34 |      0 |    647 |   2 |  416.5 |
       Dungeon |    833 |    799 |     34 |      0 |    647 |   2 |  416.5 |
               +--------+--------+--------+--------+--------+-----+--------+

Top non-repeatable levels by time:
     D:1: 738 daAuts
     D:2: 95 daAuts
